AoeStats
← Cappuccino Assassino

Arabia

503519706Analyzed
2v2 RM · 29d ago on Sep 1, 2026· 43m 21s· 4 players
Game mode
Random Map
Map size
Medium (4 player)
Population
200
Speed
Normal
Resources
Standard
Victory
Conquest
Starting age
Dark Age
Ending age
Imperial Age
RankedLock teamsTeams togetherTeam positionsShared explorationLock speedFull tech treeHidden civsTurbo modeCheats
Victory
Defeat
🇨🇴 Magyars · Colombia
1166
+16
🇦🇷 Japanese · Argentina
1104
+19
🇨🇱 Magyars · Chile
1195
-19
🇨🇱 Chinese · Chile
1149
-17
_Jincho_
6:44 Loom
10:04 Feudal Age
10:43 Double-Bit Axe
13:58 Horse Collar
19:31 Bloodlines
19:28 Scale Barding Armor
19:31 Gold Mining
23:28 Castle Age
24:34 Chain Barding Armor
24:26 Bow Saw
24:17 Heavy Plow
24:43 Husbandry
31:30 Stone Mining
40:12 Imperial Age
38:47 Fletching
38:51 Town Watch
39:27 Light Cavalry
43:43 Conscription
42:52 Cavalier
[ESTG] Daupoch
7:24 Loom
10:01 Feudal Age
10:07 Man-at-Arms
14:35 Horse Collar
18:32 Scale Mail Armor
19:11 Wheelbarrow
21:33 Forging
21:20 Fletching
23:00 Arson
25:28 Castle Age
23:29 Gold Mining
26:14 Gambesons
25:55 Long Swordsman
31:18 Gold Shaft Mining
31:00 Chain Mail Armor
31:09 Squires
35:45 Hand Cart
39:51 Double-Bit Axe
43:07 Iron Casting
42:46 Bow Saw
42:39 Heavy Plow
Belzebu
7:25 Loom
9:35 Feudal Age
24:16 Castle Age
22:22 Fletching
24:21 Wheelbarrow
25:01 Double-Bit Axe
29:52 Bodkin Arrow
30:33 Padded Archer Armor
35:12 Hand Cart
43:55 Bloodlines
43:06 Light Cavalry
Cappuccino Assassino
0:28 Loom
9:59 Feudal Age
12:04 Double-Bit Axe
21:44 Castle Age
20:15 Fletching
23:30 Bodkin Arrow
23:42 Thumb Ring
24:07 Crossbowman
25:03 Padded Archer Armor
30:11 Ballistics
31:47 Leather Archer Armor
32:49 Bow Saw
34:10 Gold Mining
40:09 Light Cavalry
42:20 Pikeman
43:00 Squires
Connection lost

Rejoining the realm…

Still unreachable

The connection could not be restored.

Session expired

The server has moved on; the page needs a fresh start.